AoeStats
← aac

Arabia

509747876Analyzed
1v1 RM · 5d ago on Sep 27, 2026· 36m 53s· 2 players
Game mode
Random Map
Map size
Tiny (2 player)
Population
200
Speed
Normal
Resources
Standard
Victory
Conquest
Starting age
Dark Age
Ending age
Imperial Age
RankedLock teamsTeams togetherTeam positionsShared explorationLock speedFull tech treeHidden civsTurbo modeCheats
Victory
Defeat
🇲🇽 Bohemians · Mexico
422
+17
🇦🇷 Vietnamese · Argentina
450
-17
Odo'Sha
1:57 Loom
11:03 Feudal Age
15:16 Double-Bit Axe
21:02 Castle Age
20:54 Horse Collar
21:30 Forging
23:05 Pikeman
28:23 Elite Skirmisher
33:58 Wagenburg Tactics
aac
0:40 Loom
10:22 Feudal Age
12:01 Wheelbarrow
11:18 Double-Bit Axe
15:36 Horse Collar
22:47 Stone Mining
22:49 Gold Mining
24:23 Fletching
24:34 Padded Archer Armor
24:38 Scale Mail Armor
24:50 Forging
26:52 Castle Age
28:03 Hand Cart
28:01 Bow Saw
27:42 Pikeman
28:23 Squires
30:07 Elite Skirmisher
30:53 Thumb Ring
30:45 Bodkin Arrow
31:06 Leather Archer Armor
31:07 Chain Mail Armor
32:48 Heavy Plow
Connection lost

Rejoining the realm…

Still unreachable

The connection could not be restored.

Session expired

The server has moved on; the page needs a fresh start.